 Dungeon Crawl Stone Soup version 0.27-a0-385-g3208abaabc (webtiles) character file.

Game seed: 17945862760406510435

144 dickylongcocking the Sneak (level 5, -5/25 HPs)
             Began as a Spriggan Brigand on Feb 19, 2021.
             Slain by an orc
             ... wielding a +2 hand axe of flaming
              (6 damage)
             ... on level 3 of the Dungeon.
             The game lasted 00:03:07 (3433 turns).

dickylongcocking the Sneak (Spriggan Brigand)       Turns: 3433, Time: 00:03:07

Health: -5/25      AC:  4    Str:  7    XL:     5   Next: 5%
Magic:  6/6        EV: 16    Int: 19    God:
Gold:   230        SH:  0    Dex: 17    Spells: 4/4 levels left

rFire    . . .     SeeInvis +   a - +2 dagger
rCold    . . .     Faith    .   (shield restricted)
rNeg     . . .     Spirit   .   b - +0 robe
rPois    .         Reflect  .   m - +1 hat
rElec    .         Harm     .   c - +0 cloak
rCorr    .         Rampage  .   (gloves unavailable)
Will     .....                  (boots unavailable)
Stlth    ++++......             (no amulet)
HPRegen  0.08/turn              i - +6 ring of intelligence
MPRegen  0.10/turn              (no ring)

@: about to teleport, very quick
A: very small, unfitting armour, see invisible, speed 3
a: no special abilities


You were on level 3 of the Dungeon.
You visited 1 branch of the dungeon, and saw 3 of its levels.

You collected 230 gold pieces.

Inventory:

Hand Weapons
 a - a +2 dagger (weapon)
Missiles
 d - 8 poisoned darts (quivered)
 e - 2 curare-tipped darts
Armour
 b - a +0 robe (worn)
 c - a +0 cloak (worn)
 m - a +1 hat (worn)
Jewellery
 g - a ring of fire
 i - a +6 ring of intelligence (left hand)
Scrolls
 h - a scroll of identify {unknown}
 n - a scroll of magic mapping {unknown}


   Skills:
 - Level 1.5 Fighting
 * Level 4.9 Short Blades
 - Level 2.0 Throwing
 - Level 1.3 Dodging
 + Level 7.3 Stealth


You had 4 spell levels left.
You didn't know any spells.
Your spell library was empty.

Dungeon Overview and Level Annotations

Branches:
Dungeon (3/15)

Altars:


Innate Abilities, Weirdness & Mutations

You are very small and have problems with some larger weapons.
You are too small for most types of armour.
You have supernaturally acute eyesight. (SInv)
You cover ground extremely quickly.


Message History

The orc misses you. The orc closely misses you.
The orc wizard hits you but does no damage.
You hit the orc wizard but do no damage.
The orc wizard is severely wounded.
The orc hits you with a +0 war axe. The orc misses you.
You hit the orc wizard.
The orc wizard is severely wounded.
You hit the orc.
The orc is severely wounded.
The orc wizard hits you with a +3 dagger.
The orc completely misses you. The orc closely misses you. x2
You closely miss the orc.
The orc is severely wounded.
The orc wizard completely misses you. The orc closely misses you.
The orc completely misses you.
You hit the orc wizard but do no damage.
The orc wizard is severely wounded.
The orc misses you. The orc wizard casts a spell at you.
You easily resist.
The orc closely misses you.
You closely miss the orc wizard.
The orc wizard is severely wounded.
The orc hits you with a +0 war axe. The orc barely misses you.
You hit the orc wizard but do no damage.
The orc wizard is severely wounded.
The orc wizard hits you with a +3 dagger.
* * * LOW HITPOINT WARNING * * *
The orc hits you but does no damage. The orc barely misses you.
The orc closely misses you.
You hit the orc wizard but do no damage.
The orc wizard is severely wounded.
The orc wizard hits you with a +3 dagger.
* * * LOW HITPOINT WARNING * * *
The orc misses you.
You aren't carrying any potions.
Unknown command.
As you read the scroll of teleportation, it crumbles to dust.
You feel strangely unstable.
The orc hits you with a +2 hand axe of flaming.
You die...

###############
#.............#
####.###########o#######
.....# #.o@o......
##.### #.#o####### #.#
#.#<# #†# # #.# #.# ...
#.# ... #.# ... #.#
....# #.#


You could see an orc wizard (invisible) and 3 orcs.

Vanquished Creatures
  A hound zombie (D:2)
  4 gnolls (D:3)
  3 adders (D:2)
  2 oozes
  A dart slug (D:1)
  A leopard gecko (D:1)
  7 bats
  2 giant cockroaches
  6 goblins
  6 hobgoblins
  4 jackals (D:1)
  4 kobolds
  2 quokkas (D:2)
  3 frilled lizards
  8 rats
54 creatures vanquished.

Notes
Turn   | Place    | Note
-------+----------+-------------------------------------------
     0 | D:1      | dickylongcocking the Spriggan Brigand began the quest for
                  | the Orb.
     0 | D:1      | Reached XP level 1. HP: 10/10 MP: 2/2
    98 | D:1      | Reached skill level 6 in Stealth
   110 | D:1      | Reached XP level 2. HP: 9/14 MP: 3/3
   662 | D:1      | Reached XP level 3. HP: 15/18 MP: 4/4
  2273 | D:2      | Reached XP level 4. HP: 6/22 MP: 5/5
  2545 | D:2      | Reached skill level 7 in Stealth
  3321 | D:3      | Reached XP level 5. HP: 25/25 MP: 6/6
  3432 | D:3      | HP: 1/25 [orc wizard/+3 dagger (5)]
  3433 | D:3      | Slain by an orc

Illustrated notes

Levels and vault maps discovered:
D:1:      nicolae_arrival_somewhat_less_tricky_arrival, layout_loops_ring
D:2:      layout_basic, hangedman_decor_clover_reticule, minmay_misc_feat_rows
D:3:      layout_loops_ring

Skill      XL: |  1  2  3  4 |
---------------+-------------+-----
Stealth        | 6 7 |  7.3
Short Blades   | 3 4 |  4.9
Fighting       | |  1.5
Throwing       | |  2.0
Dodging        | |  1.3

Action                   |  1- 3 |  4- 6 || total
-------------------------+-------+-------++-------
Melee: Dagger            |   138 |    71 ||   209
Evoke: Wand              |     2 |     8 ||    10
  Use: Potion            |     6 |     1 ||     7
       Scroll            |     3 |     1 ||     4
 Stab: Sleeping          |    14 |     3 ||    17
       Invisible         |     1 |       ||     1
       Distracted        |       |     1 ||     1
       Petrified         |       |     1 ||     1
Armor: Robe              |    21 |    13 ||    34
Dodge: Dodged            |    95 |    59 ||   154

Table legend: (Time is in decaauts)
 A = Elapsed time spent in this place.
 B = Non-inter-level travel time spent in this place.
 C = Inter-level travel time spent in this place.
 D = Time resting spent in this place.
 E = Time spent auto-exploring this place.
 F = Levels seen in this place.
 G = Mean time per level.
                   A        B        C        D        E       F      G
               +--------+--------+--------+--------+--------+-----+--------+
         Total |   2778 |   2737 |     41 |   1051 |   1275 |   3 |  926.0 |
       Dungeon |   2778 |   2737 |     41 |   1051 |   1275 |   3 |  926.0 |
               +--------+--------+--------+--------+--------+-----+--------+

Top non-repeatable levels by time:
     D:2: 1681 daAuts
     D:1: 744 daAuts
     D:3: 353 daAuts
